Map: Catalizador EJ

Players

VortiX

  • Race: Zerg Zerg
  • Spawn Location: 11:00

PtitDrogo - Winner!

  • Race: Protoss Protoss
  • Spawn Location: 5:00

Event: WCS Valencia 2018

VOD

Have the link to the VOD?

Description

Time

  • Played on: July 12, 2018, 11:13 a.m.
  • Length: 12:13

All games in this series

Show
View Real Time Build Order
Export as new Build Order

VortiX Zerg 

Build Orders: Hatch First 

Get SALT Encoding   

  12  0:00  Drone  
  13  0:12  Overlord  
  13  0:17  Drone  
  14  0:30  Drone  
  14  0:31  Drone  
  16  0:49  Hatchery  
  15  0:51  Drone  
  15  0:55  Drone  
  17  1:07  Extractor  
  17  1:10  Spawning Pool  
  15  1:14  Drone  
  15  1:18  Drone  
  17  1:20  Drone  
  18  1:29  Drone  
  19  1:38  Overlord  
  19  1:58  Zergling x2, Queen  
  19  2:00  Queen  
  19  2:01  Zergling x2  
  25  2:03  Zergling x2  
  26  2:09  Metabolic Boost  
  26  2:14  Zergling x2  
  27  2:15  Zergling x2  
  27  2:22  Zergling x2  
  29  2:23  Zergling x2  
  30  2:52  Zergling x2  
  30  2:53  Zergling x4  
  30  2:58  Hatchery  
  31  3:02  Zergling x2  
  31  3:03  Zergling x4  
  34  3:11  Drone x2  
  36  3:14  Overlord  
  34  3:28  Drone  
  34  3:32  Overlord  
  34  3:33  Drone x2  
  37  3:35  Drone x2  
  37  3:40  Drone  
  40  3:43  Drone x2  
  40  3:46  Drone  
  43  3:50  Drone  
  43  3:54  Drone  
  43  3:55  Drone x2  
  47  3:58  Drone  
  47  4:02  Drone  
  48  4:06  Queen  
  50  4:11  Spore Crawler  
  50  4:13  Spore Crawler  
  50  4:15  Drone  
  48  4:17  Drone  
  48  4:21  Drone x2  
  48  4:23  Drone  
  50  4:24  Drone  
  50  4:28  Queen  
  53  4:34  Spore Crawler, Drone x2  
  53  4:37  Drone  
  55  4:41  Overlord  
  55  4:42  Drone  
  55  4:43  Drone  
  57  4:47  Overlord  
  57  4:48  Drone  
  58  4:59  Queen  
  60  5:01  Overlord, Drone x2  
  60  5:02  Drone x3  
  60  5:06  Drone x3  
  60  5:07  Drone  
  62  5:14  Lair  
  62  5:16  Drone  
  62  5:17  Drone x2  
  65  5:24  Drone x4  
  65  5:26  Extractor  
  68  5:31  Roach Warren  
  68  5:32  Overlord  
  67  5:37  Drone  
  67  5:38  Drone  
  67  5:39  Extractor  
  67  5:40  Extractor, Drone  
  67  5:41  Drone  
  67  5:42  Overlord  
  69  5:49  Drone  
  71  5:50  Drone x3  
  71  5:51  Drone  
  71  5:52  Drone  
  71  5:54  Overlord  
  75  5:57  Overlord  
  75  6:04  Overlord x2  
  73  6:13  Roach x9  
  73  6:14  Glial Reconstitution  
  90  6:21  Roach  
  90  6:23  Queen x2  
  96  6:26  Overlord  
  96  6:29  Extractor  
  93  6:33  Roach x2  
  95  6:43  Overlord  
  95  6:44  Overlord, Roach  
  95  6:45  Roach x3  
  95  6:46  Ravager x2  
  105  6:49  Zergling x12  
  105  6:53  Zergling x2  
  108  7:04  Zergling x6  
  108  7:05  Zergling x6  
  114  7:09  Ravager x3  
  114  7:11  Queen  
  114  7:14  Drone x3  
  122  7:20  Ravager  
  121  7:27  Zergling x2  
  121  7:28  Zergling x4  
  121  7:32  Overlord  
  121  7:33  Ravager x2  
  121  7:35  Roach x4  
  130  7:41  Zergling x2  
  130  7:43  Zergling x2  
  113  7:59  Roach x4  
  113  8:00  Roach  
  106  8:06  Drone  
  106  8:07  Drone  
  106  8:10  Hydralisk Den  
  106  8:12  Drone  
  100  8:13  Extractor  
  100  8:15  Roach  
  100  8:16  Roach x3  
  96  8:20  Hatchery  
  96  8:21  Roach  
  96  8:22  Roach  
  96  8:26  Roach  
  99  8:30  Roach  
  99  8:31  Roach  
  99  8:32  Ravager  
  99  8:33  Ravager  
  105  8:35  Queen x2  
  105  8:38  Roach  
  105  8:39  Roach  
  105  8:40  Roach x2  
  105  8:41  Grooved Spines  
  117  8:42  Drone x3  
  117  8:43  Drone  
  117  8:44  Drone x3  
  117  8:45  Drone  
  125  8:49  Evolution Chamber  
  124  8:59  Hydralisk x4  
  124  9:02  Hydralisk  
  134  9:06  Hydralisk x2  
  134  9:08  Zergling x2  
  139  9:14  Hydralisk x2  
  142  9:25  Hydralisk  
  139  9:32  Hydralisk x3  
  139  9:46  Hydralisk  
  139  9:47  Hydralisk x2  
  139  9:49  Overlord x2  
  139  9:50  Overlord, Zerg Missile Weapons Level 1  
  144  9:54  Overlord  
  144  9:55  Overlord  
  144  10:00  Pneumatized Carapace  
  144  10:02  Overlord  
  144  10:07  Hydralisk x2  
  144  10:13  Hydralisk x2, Hatchery  
  144  10:14  Hydralisk  
  151  10:17  Drone  
  151  10:18  Drone  
  155  10:32  Hydralisk x5  
  155  10:33  Hydralisk  
  167  10:44  Hydralisk x4  
  167  10:48  Hydralisk x2  
  179  10:53  Muscular Augments  
  178  10:59  Hydralisk x3  
  184  11:08  Roach x4  
  190  11:31  Hydralisk  
  190  11:32  Hydralisk x2  
  192  11:35  Overlord x3  
  173  11:42  Hydralisk  
  173  11:43  Hydralisk x5  
  173  11:45  Ravager  
  173  11:46  Ravager  
Show
View Real Time Build Order
Export as new Build Order

PtitDrogo Protoss - Winner!

Build Orders: 1 Gate Expand, Oracle Opening, Archon Immortal, Zealot Archon 

Get SALT Encoding   

  12  0:00  Probe  
  13  0:13  Probe  
  14  0:20  Pylon  
  14  0:25  Probe  
  15  0:35  Probe  
  16  0:43  Probe  
  16  0:44  Gateway  
  16  0:48  Assimilator  
  17  0:53  Probe  
  18  1:05  Probe  
  19  1:17  Probe  
  20  1:26  Nexus  
  20  1:35  Cybernetics Core  
  20  1:38  Probe  
  21  1:44  Assimilator  
  21  1:50  Probe  
  22  1:54  Pylon  
  22  2:02  Probe  
  22  2:04  Adept  
  23  2:14  Probe  
  26  2:19  Stargate  
  26  2:26  Probe  
  27  2:30  Adept  
  29  2:37  Probe  
  29  2:39  Pylon  
  29  2:40  Probe  
  30  2:45  Probe  
  30  2:48  Probe  
  31  2:55  Probe  
  31  2:57  Probe  
  34  3:07  Gateway  
  34  3:08  Pylon  
  34  3:10  Oracle  
  35  3:22  Cybernetics Core  
  35  3:24  Shield Battery  
  35  3:26  Probe  
  36  3:31  Probe  
  37  3:38  Oracle, Probe  
  38  3:43  Probe  
  38  3:45  Pylon  
  42  3:50  Warp Gate  
  42  3:51  Probe  
  42  3:55  Probe  
  44  3:56  Gateway  
  44  4:03  Probe  
  44  4:07  Probe  
  44  4:08  Adept  
  48  4:10  Assimilator  
  48  4:13  Assimilator  
  48  4:15  Pylon  
  48  4:20  Probe  
  48  4:23  Probe  
  50  4:29  Twilight Council  
  50  4:32  Robotics Facility, Probe  
  50  4:36  Stalker  
  53  4:46  Probe x2  
  53  4:51  Pylon  
  55  4:54  Gateway  
  55  4:55  Charge  
  55  4:58  Probe x2  
  57  5:10  Probe  
  58  5:16  Templar Archives  
  58  5:17  Warp Prism  
  58  5:21  Gateway  
  58  5:22  Gateway  
  60  5:29  Pylon x2  
  60  5:46  Probe x2  
  62  5:52  Zealot x4  
  62  5:55  Pylon  
  70  6:00  Probe  
  71  6:19  Probe  
  71  6:21  Probe  
  71  6:24  Immortal  
  71  6:25  High Templar x3  
  78  6:26  High Templar  
  78  6:30  Archon x2  
  84  6:39  Nexus  
  84  6:45  Pylon  
  84  6:47  Probe  
  84  6:48  Pylon  
  84  6:49  Forge  
  84  6:50  Sentry x2  
  84  6:52  Probe  
  84  6:53  Immortal  
  90  7:07  Probe  
  90  7:08  Probe  
  100  7:09  Shield Battery  
  100  7:10  High Templar x2  
  100  7:11  Zealot x2  
  104  7:15  Gateway  
  104  7:17  Gateway, Archon  
  104  7:19  Shield Battery  
  104  7:22  Immortal  
  101  7:28  Protoss Ground Weapons Level 1, Zealot x2  
  106  7:41  Shield Battery, High Templar x2  
  106  7:42  Shield Battery  
  110  7:47  Archon  
  110  7:49  Zealot  
  110  7:54  Zealot x2  
  110  7:55  Zealot  
  106  8:04  Immortal  
  98  8:13  Probe  
  97  8:21  Probe  
  92  8:27  Zealot x5  
  92  8:28  Zealot x3  
  92  8:29  Probe x2  
  92  8:33  Probe  
  92  8:34  Assimilator  
  111  8:37  Observer  
  111  8:38  Assimilator  
  111  8:42  Photon Cannon  
  111  8:47  Pylon  
  111  8:48  Pylon  
  112  8:52  Photon Cannon  
  112  8:54  Pylon  
  112  8:55  High Templar x4  
  120  8:56  Zealot x2  
  120  9:01  Archon x2  
  124  9:14  High Templar  
  124  9:16  Immortal, High Templar  
  128  9:17  Pylon  
  128  9:20  Archon  
  128  9:24  Zealot x2, Protoss Ground Weapons Level 2  
  128  9:27  Zealot x4  
  138  9:43  Psionic Storm  
  138  9:52  High Templar  
  130  9:53  Zealot x6  
  130  9:54  Zealot  
  130  9:55  Immortal  
  130  9:58  Pylon  
  143  10:17  High Templar  
  143  10:18  High Templar  
  147  10:28  Probe x3  
  147  10:34  High Templar  
  148  10:35  High Templar  
  148  10:37  Nexus  
  148  10:39  Pylon  
  149  10:44  Immortal  
  149  10:50  Dark Shrine  
  153  10:57  Zealot x6  
  153  11:03  Probe x2, Pylon  
  167  11:04  Pylon  
  167  11:21  Zealot x3, Stalker x3  
  179  11:33  Stalker x2  
  155  11:48  Stalker x3  
  155  11:49  Stalker x3  
  143  12:01  Zealot  
Tags
 
Add a new tag
Caveats
  • Supply blocks, unpowered buildings, or Contaminate may cause inaccurate times.
  • Supply counts are checked every 10 seconds.